 Dungeon Crawl Stone Soup version 0.30-a0-1157-g2cc9ac7196 (webtiles) character file.

Game seed: 5162561030806389685

81 iamoutofideas the Chopper (level 4, -1/40 HPs)
             Began as a Hill Orc Monk on Apr 25, 2023.
             Slain by Ijyb
             ... wielding a +6 club
              (8 damage)
             ... on level 4 of the Dungeon.
             The game lasted 00:02:10 (1455 turns).

iamoutofideas the Chopper (Hill Orc Monk)           Turns: 1455, Time: 00:02:11

Health: -1/40      AC:  6    Str: 15    XL:     4   Next: 40%
Magic:  0/4        EV: 11    Int: 10    God:
Gold:   164        SH:  0    Dex: 13    Spells: 3/3 levels left

rFire   . . .        a - +0 hand axe
rCold   . . .        d - orb {light}
rNeg    . . .        q - +0 ring mail
rPois   .            n - +1 hat
rElec   .            (no cloak)
rCorr   .            (no gloves)
SInv    .            (no boots)
Will    .....        g - amulet of guardian spirit
Stlth   +            (no ring)
HPRegen 0.26/turn    (no ring)
MPRegen 0.09/turn

%: guardian spirit
@: glowing
A: no striking features
a: no special abilities


You were on level 4 of the Dungeon.
You visited 1 branch of the dungeon, and saw 3 of its levels.

You collected 164 gold pieces.

Inventory:

Hand Weapons
 a - a +0 hand axe (weapon)
Missiles
 b - a throwing net (quivered)
Armour
 d - an orb of light (worn)
 n - a +1 hat (worn)
 q - a +0 ring mail (worn)
Jewellery
 g - an amulet of guardian spirit (around neck)
Scrolls
 i - 2 scrolls of teleportation {unknown}
 k - 2 scrolls of identify {unknown}
 l - a scroll of vulnerability {unknown}
 m - a scroll of blinking {unknown}
Potions
 e - 2 potions of degeneration {unknown}
 f - 2 potions of curing {unknown}
 h - a potion of haste {unknown}
 j - a potion of attraction {unknown}
 o - a potion of experience {unknown}
 p - 3 potions of flight {unknown}


   Skills:
 - Level 3.8 Fighting
 + Level 6.5 Axes
 - Level 2.5 Dodging


You had 3 spell levels left.
You didn't know any spells.
Your spell library was empty.

Dungeon Overview and Level Annotations

Branches:
Dungeon (2/15)

Altars:

Annotations:
D:4 Ijyb


Message History

Ijyb zaps a wand.
You barely resist. You hit Ijyb but do no damage.
Ijyb is severely wounded.
Ijyb barely misses you.
You hit Ijyb but do no damage.
Ijyb is severely wounded.
You feel less invigorated.
You feel less confused. Ijyb hits you with a +6 club.
You hit Ijyb but do no damage.
Ijyb is severely wounded.
Ijyb zaps a wand.
You barely resist. You barely miss Ijyb.
Ijyb is severely wounded.
Ijyb hits you with a +6 club!
You hit Ijyb.
Ijyb is severely wounded.
Ijyb zaps a wand.
Your mind is blasted!
* * * LOW HITPOINT WARNING * * *
You barely miss Ijyb.
Ijyb is severely wounded.
Ijyb misses you.
You are confused.
You feel invigorated. Ijyb closely misses you.
You barely miss Ijyb.
Ijyb is severely wounded.
Ijyb closely misses you. Ijyb hits you with a +6 club.
Ijyb attacks as you move away! Ijyb closely misses you.
You feel less invigorated.
You feel less confused.
Ijyb zaps a wand.
Your mind is blasted!
Ijyb zaps a wand.
Your mind is blasted!
* * * LOW HITPOINT WARNING * * *
Ijyb zaps a wand.
Your mind is blasted!
* * * LOW HITPOINT WARNING * * *
You hit Ijyb but do no damage.
Ijyb is severely wounded.
Ijyb hits you with a +6 club!
You die...

....# <...#
#.#.# ###.#.#
...#.#####
######........
#......#.####
#.#.........#
#.#####@.##.#
#.....)g..# #
#######..##
.... ##..##
#... ..#)
..#.#


You could see Ijyb.

Vanquished Creatures
  An adder (D:2)
  2 worms (D:2)
  3 dart slugs
  8 ball pythons
  2 bats
  2 endoplasms
  5 giant cockroaches
  3 goblins
  7 hobgoblins
  4 jackals (D:1)
  4 kobolds
  3 quokkas (D:1)
  2 frilled lizards (D:1)
  8 rats
54 creatures vanquished.

Notes
Turn   | Place    | Note
-------+----------+-------------------------------------------
     0 | D:1      | iamoutofideas the Hill Orc Monk began the quest for the
                  | Orb.
     0 | D:1      | Reached XP level 1. HP: 19/19 MP: 1/1
   168 | D:1      | Reached XP level 2. HP: 27/27 MP: 2/2
   360 | D:1      | Reached skill level 5 in Axes
   402 | D:1      | Reached XP level 3. HP: 28/33 MP: 3/3
   672 | D:1      | Found a faded altar of an unknown god.
   867 | D:2      | Reached skill level 6 in Axes
   867 | D:2      | Reached XP level 4. HP: 35/40 MP: 4/4
  1411 | D:2      | You fall into a shaft and drop 2 floors!
  1421 | D:4      | Noticed Ijyb
  1455 | D:4      | Slain by Ijyb

Illustrated notes

Levels and vault maps discovered:
D:1:      dpeg_arrival_shelter, layout_loops_ring,
          shapermc_ecumenical_altar_ellora, dreamdust_princess_bridge,
          dreamdust_wishing_well, minivault_11, minmay_strange_pillars
D:2:      layout_basic
D:4:      layout_basic, nicolae_yredelemnul_corpse_copse,
          minmay_temple_entry_large_hall, serial_shops, nicolae_shop_tiny_glass,
          eino_tiny_chamber, uniq_duvessa, uniq_ijyb

Skill      XL: |  1  2  3 |
---------------+----------+-----
Axes           | 5 6 |  6.5
Fighting       | |  3.8
Dodging        | |  2.5

Action                     |  1- 3 |  4- 6 || total
---------------------------+-------+-------++-------
  Melee: Hand axe          |   117 |    67 ||   184
    Use: Potion            |       |     2 ||     2
 Armour: Robe              |     4 |       ||     4
         Leather armour    |    17 |     3 ||    20
         Ring mail         |       |     7 ||     7
  Dodge: Dodged            |    79 |    35 ||   114

Table legend: (Time is in decaauts)
 A = Elapsed time spent in this place.
 B = Non-inter-level travel time spent in this place.
 C = Inter-level travel time spent in this place.
 D = Time resting spent in this place.
 E = Time spent auto-exploring this place.
 F = Levels seen in this place.
 G = Mean time per level.
                   A        B        C        D        E       F      G
               +--------+--------+--------+--------+--------+-----+--------+
         Total |   1458 |   1358 |    100 |      0 |    966 |   3 |  486.0 |
       Dungeon |   1458 |   1358 |    100 |      0 |    966 |   3 |  486.0 |
               +--------+--------+--------+--------+--------+-----+--------+

Top non-repeatable levels by time:
     D:1: 850 daAuts
     D:2: 565 daAuts
     D:4: 43 daAuts
